 Dungeon Sprint DCSS version 0.31-a0-854-g362426d53f (webtiles) character file.

Game seed: 16492815378610016919

113741 rocky1 the Conqueror (level 27, 0/228 HPs)
             Began as a Djinni Fighter on Oct 9, 2023.
             Was an Initiate of Gozag.
             Killed by divine providence
             ... invoked by a royal mummy
              (14 damage)
             ... in the Dungeon (Sprint VI: "Thunderdome").
             The game lasted 01:07:42 (5775 turns).

rocky1 the Conqueror (Djinni Fighter)               Turns: 5775, Time: 01:07:45

Health: 0/228      AC: 48    Str: 22    XL:     27
Gold:   6647       EV: 17    Int: 13    God:    Gozag SH: 24 Dex: 27

rFire   + + +        C - +9 eudemon blade (holy)
rCold   + + .        x - +5 kite shield of Ekhan {Str+3 Slay+6}
rNeg    + + +        a - +12 gold dragon scales
rPois   ∞            A - +0 helmet of the Morning Star {SInv}
rElec   +            d - +2 cloak of Death's Door {+Inv rElec rN+++ Will-}
rCorr   +            B - +1 pair of gloves of Biumeib {rCorr}
SInv    +            (boots unavailable)
Will    +++..        p - amulet "Fiulekuh" {rElec rN+ Regen+ Str+4} Stlth
                     k - ring "Sajosuwi" {Wiz rC+}
HPRegen 1.38/turn    s - ring of Odiplidgh {Will+ Dex+3 Slay+6}
MPRegen 0.00/turn

%: no teleportation, wizardry (x1), infuse magic (-1 HP)
@: mighty, resistant, gold aura, enlightened, flying, slowed, studying 3 skills,
very slow
A: sickness immunity, fire resistance 2, cold vulnerability 1, float, innate
caster, HP casting, extra vitality 1
}: 6/15 runes: serpentine, barnacled, slimy, silver, dark, mossy
a: Renounce Religion, Evoke Invisibility, Potion Petition, Call Merchant, Bribe
Branch


You were in the Dungeon.
You worshipped Gozag.
Gozag was greatly pleased with you.
You visited 1 branch You collected 55061 gold pieces.
You spent 32615 gold pieces at shops.
You paid 15799 gold pieces to Gozag.

Inventory:

Hand Weapons
 c - the +5 Lochaber axe {reach-cleave, Poleaxe Drain}
   (You bought it in a shop in the Dungeon)

   Poleaxe:   It uses either Axes or Polearms skill, whichever is higher.
   Drain:     It drains your maximum health when unequipped.
 q - a +9 heavy demon blade
 C - a +9 eudemon blade of holy wrath (weapon)
 E - the +8 arc blade {discharge, rElec}
   (You bought it in a shop in the Dungeon)

   rElec:     It insulates you from electricity.
Missiles
 l - 2 curare-tipped darts (quivered)
Armour
 a - +12 gold dragon scales (worn)
 d - the +2 cloak of Death's Door (worn) {+Inv rElec rN+++ Will-}
   (You bought it in a shop in the Dungeon)

   rElec:     It insulates you from electricity.
   rN+++:     It renders you almost immune to negative energy.
   Will-:     It decreases your willpower.
   +Inv:      It lets you turn invisible.
 x - the +5 kite shield of Ekhan (worn) {Str+3 Slay+6}
   (You bought it in a shop in the Dungeon)

   Str+3:     It affects your strength (+3).
   Slay+6:    It affects your accuracy & damage with ranged weapons and melee
   (+6).
 A - the +0 helmet of the Morning Star (worn) {SInv}
   (You bought it in a shop in the Dungeon)

   SInv:      It lets you see invisible.
 B - the +1 pair of gloves of Biumeib (worn) {rCorr}
   (You bought it in a shop in the Dungeon)

   rCorr:     It protects you from acid and corrosion.
 F - the +6 tower shield of Light {rPois rC+ Will+}
   (You bought it in a shop in the Dungeon)

   rC+:       It protects you from cold.
   rPois:     It protects you from poison Will+: It increases your willpower.
 G - the +4 dragonskin cloak
   (You took it off Tiamat in the Dungeon)

   Avatar's Aegis: It grants the wearer a chance to resist fire, cold, poison,
   electricity, acid, and negative energy.
Jewellery
 k - the ring "Sajosuwi" (left hand) {Wiz rC+}
   (You bought it in a shop in the Dungeon)

   [ring of wizardry]

   Wiz:       It improves your spell success rate.
   rC+:       It protects you from cold.
 p - the amulet "Fiulekuh" (around neck) {rElec rN+ Regen+ Str+4}
   (You bought it in a shop in the Dungeon)

   [amulet of regeneration]

   Str+4:     It affects your strength (+4).
   rElec:     It insulates you from electricity.
   rN+:       It protects you from negative energy.
   Regen+:    It increases your rate of health regeneration.
 s - the ring of Odiplidgh (right hand) {Will+ Dex+3 Slay+6}
   (You bought it in a shop in the Dungeon)

   [ring of willpower]

   Dex+3:     It affects your dexterity (+3).
   Slay+6:    It affects your accuracy & damage with ranged weapons and melee
   (+6).
   Will+:     It increases your willpower.
Scrolls
 h - 2 scrolls of enchant weapon
 i - 12 scrolls of blinking
 m - 24 scrolls of fog
 r - 4 scrolls of enchant armour
 u - 3 scrolls of brand weapon
 v - 6 scrolls of silence
 w - a scroll of immolation
 I - a scroll of identify
Potions
 e - 17 potions of curing
 f - 10 potions of heal wounds
 g - 35 potions of haste
 j - 24 potions of resistance
 t - 14 potions of might
 D - 12 potions of mutation
 M - 14 potions of attraction
 N - a potion of enlightenment
 O - 12 potions of brilliance
 P - 20 potions of berserk rage
Miscellaneous
 z - a condenser vane
 H - a lightning rod (4/4)
 J - a quad damage
 K - a quad damage
 L - a quad damage


   Skills:
 O Level 27 Fighting
 O Level 27 Long Blades
 O Level 27 Armour
 - Level 16.8 Dodging
 + Level 23.8 Shields
 + Level 24.6 Spellcasting
 O Level 27 Conjurations
 + Level 24.6 Hexes
   Level 0.0 Charms
 + Level 24.6 Summonings
 + Level 24.6 Necromancy
 + Level 24.6 Translocations
 + Level 24.6 Transmutations
 + Level 24.6 Fire Magic
 + Level 24.6 Ice Magic
 O Level 27 Air Magic
 + Level 24.6 Earth Magic
 + Level 24.6 Poison Magic
 - Level 14.2 Evocations


You knew the following spells:

 Your Spells              Type           Power      Damage    Failure   Level
a - Magic Dart            Conj           100%       1d8       0%          1
b - Lesser Beckoning      Tloc           100%       N/A       0%          2
c - Frozen Ramparts       Ice            100%       1d16      0%          3
d - Dimensional Bullseye  Hex/Tloc       34%        N/A       0%          4
e - Irradiate             Conj/Tmut      35%        3d23      0%          5
f - Freezing Cloud        Conj/Ice/Air   35%        6-21      0%          5
g - Conjure Ball Lightni  Conj/Air       36%        3x3d12    1%          6
h - Simulacrum            Ice/Necr       34%        N/A       1%          6
i - Monstrous Menagerie   Summ           34%        N/A       1%          7
j - Maxwell's Capacitive  Air            36%        ∞         1%          8
k - Spellforged Servitor  Conj/Summ      35%        N/A       1%          7
l - Shatter               Erth           34%        3d27*     38%         9
m - Fire Storm            Conj/Fire      35%        8d9       26%         9
Your spell library was empty.

Dungeon Overview and Level Annotations

Branches:
Dungeon (1/1)

Altars:
Cheibriados
Dithmenos
Fedhas
Gozag
Makhleb
Okawaru
Qazlal
Ru
Trog
Uskayaw
Wu Jian
Xom
Yredelemnul
Zin
The Shining One
Lugonu

Shops:
D [=??*?*[(=[=*:[(((!!


Innate Abilities, Weirdness & Mutations

You are immune to sickness and miasma.
You are immune to poison.
Your flesh is very heat resistant. (rF++)
You are vulnerable to cold. (rC-)
You float through the air rather than walking.
You learn spells naturally, not from books.
Your magical power is your life essence.
You have superior vitality. (+4 MHP)


Message History

The royal mummy mumbles some strange words.
You slice the royal mummy!!
The royal mummy convulses!!!
The royal mummy is severely damaged.
You block the death scarab's attack.
The mummy priest mumbles some strange prayers to its god against you.
Something smites you!
* * * LOW HITPOINT WARNING * * *
The royal mummy hits you but does no damage.
You cut the royal mummy into ribbons!!!
You destroy the royal mummy!
The death scarab disappears in a puff of smoke! x2
You feel extremely nervous for a moment...
You are engulfed in negative energy!
You resist.
You hear a faint skittering sound.
Unknown command.
The death scarab's many legs skitter faintly.
You block the death scarab's attack.
The mummy priest prays to its god.
The mummy priest is distracted by your dazzling golden aura.
You see here 36 gold pieces.
You cut the mummy priest into ribbons!!!
You destroy the mummy priest!
You feel extremely nervous for a moment...
Your body is wracked with pain!
* * * LOW HITPOINT WARNING * * *
You block the death scarab's attack. The royal mummy casts a spell at you.
Something smites you!
* * * LOW HITPOINT WARNING * * *
The adder simulacrum is distracted by your dazzling golden aura.
Unknown command.
You slice the royal mummy!!
The royal mummy convulses!
The royal mummy is moderately damaged.
The adder simulacrum is no longer distracted by gold.
The mummy priest mumbles some strange prayers to its god.
You block the death scarab's attack.
The royal mummy points at you and mumbles some strange words.
Something smites you!
You die...
Your body crumbles into a pile of gold.

#⌠MB.s∩...[..⌠#
#####M8...∩∩∩...8.######
∩___...$..###[..(.)___∩##
."BBM[..8.# #§8.(..()($∩###
..s.M=M[MM###.(..∩...(..§.##
B§ss..[###...###M(..[..[..§#
.Bs.s.s# #M0.# #|...$..[..⌠#
..Bs[[(###..B###$B........⌠#
[[.[.()...###M$M@$.$).).§.##
..[....[8[# #.8M$.[[...∩###
∩___(...[[###§§).([_._∩##
#####.8..WZ.§4§.8)######
#⌠)...WWM)Z.)⌠#
###..).4...)### #_..[...._#
#W......._# #sW..M....#


You could see 2 royal mummies, a mummy priest, 2 orange demons, a phantasmal
warrior (summoned), 2 guardian mummies, 2 death scarabs and an adder simulacrum
(summoned).

Vanquished Creatures
  Gloorx Vloq (D)
  Mennas (D)
  Tiamat (D)
  10 ancient liches (D)
  6 royal mummies (D)
  Agnes (D)
  A Killer Klown (D)
  Polyphemus (D)
  A great orb of eyes (D)
  An iron giant (D)
  An electric golem (D)
  A hellephant (D)
  3 Ice Fiends (D)
  13 tentacled monstrosities (D)
  2 Hell Sentinels (D)
  7 liches (D)
  10 Orb Guardians (D)
  An acid blob (D)
  A death cob (D)
  16 sphinxes (D)
  A nargun (D)
  A frost giant (D)
  A draconian stormcaller (D)
  8 stone giants (D)
  A wendigo (D)
  3 white draconians (D)
  2 green deaths (D)
  6 mummy priests (D)
  2 blizzard demons (D)
  2 iron golems (D)
  A naga warrior (D)
  Erolcha (D)
  7 hydras (D)
  11 catoblepae (D)
  2 vault guards (D)
  6 ogre magi (D)
  An iron elemental (D)
  2 hell beasts (D)
  2 anacondas (shapeshifter) (D)
  2 two-headed ogres (D)
  A death scarab (D)
  2 two-headed ogres (shapeshifter) (D)
  A hell hog (D)
  4 vampire magi (D)
  9 hell knights (D)
  A sixfirhy (D)
  An iron troll (D)
  7 death drakes (D)
  5 deep trolls (D)
  A glowing orange brain (shapeshifter) (D)
  3 wizards (D)
  4 swamp dragons (D)
  3 bog bodies (D)
  A sea snake (shapeshifter) (D)
  2 deep elf pyromancers (D)
  4 necromancers (D)
  A mana viper (shapeshifter) (D)
  2 salamanders (shapeshifter) (D)
  3 cyclopes (D)
  A manticore (shapeshifter) (D)
  A moth of wrath (D)
  6 rust devils (D)
  A black mamba (shapeshifter) (D)
  4 naga magi (D)
  A smoke demon (D)
  A gargoyle (D)
  An orange demon (D)
  2 hellions (D)
  An unseen horror (shapeshifter) (D)
  8 ice devils (D)
  2 kobold demonologists (D)
  A tormentor (D)
  7 guardian mummies (D)
  2 hellwings (D)
  A merfolk (shapeshifter) (D)
  2 red devils (D)
  5 queen bees (D)
  3 trolls (D)
  A tarantella (shapeshifter) (D)
  A blink frog (shapeshifter) (D)
  2 dream sheep (shapeshifter) (D)
  3 jumping spiders (shapeshifter) (D)
  A spriggan (shapeshifter) (D)
  5 flying skulls (D)
  A culicivora (shapeshifter) (D)
  2 ushabtiu (D)
  A fire bat (shapeshifter) (D)
  2 hogs (shapeshifter) (D)
  A neqoxec (D)
  A swamp worm (shapeshifter) (D)
  A floating eye (shapeshifter) (D)
  3 hell hounds (D)
  A centaur (shapeshifter) (D)
  2 ogres (D)
  2 kobold brigands (D)
  3 necrophages (D)
  3 earth elementals (D)
  12 killer bees (D)
  2 iron imps (D)
  Ijyb (D)
  Terence (D)
  5 mummies (D)
  An adder (D)
  An adder skeleton (D)
  A bat simulacrum (D)
  2 giant cockroaches (D)
  A hobgoblin (D)
  7 kobolds (D)
  A ball python skeleton (D)
  A goblin (D)
  A jackal zombie (D)
  A quokka skeleton (D)
  A quokka zombie (D)
  A rat (D)
322 creatures vanquished.

Vanquished Creatures (others)
  A rust devil (D)
  2 kobolds (D)
3 creatures vanquished.

Grand Total: 325 creatures vanquished

Notes
Turn   | Place    | Note
-------+----------+-------------------------------------------
     0 | D        | rocky1 the Djinni Fighter began the quest for the Orb.
     0 | D        | Reached XP level 1. HP: 20/20 MP: 0/0
     4 | D        | Found an ornate altar of the Wu Jian Council.
     4 | D        | Found a shadowy altar of Dithmenos.
     5 | D        | Found a basalt altar of Yredelemnul.
     5 | D        | Found a burning altar of Makhleb.
     5 | D        | Round 1.
     6 | D        | Found an opulent altar of Gozag.
     6 | D        | Found a bloodstained altar of Trog.
     7 | D        | Found Somen's Timeless Talismans.
     7 | D        | Found a hide-covered altar of Uskayaw.
     7 | D        | Found a blossoming altar of Fedhas.
     7 | D        | Found Nenuh's Identification Station.
     8 | D        | Found Xiclable's Jewellery.
     8 | D        | Found Kemun's Advanced Armour.
    13 | D        | Found Ebetal's Magic Scroll Shop.
    14 | D        | Found Ubuila's Magic Scroll Shop.
    14 | D        | Found Haddyska's Must-Have Magic.
    26 | D        | Became a worshipper of Gozag Ym Sagoz the Greedy
    33 | D        | Found a glowing silver altar of Zin.
    33 | D        | Found Ruqel's Staff Store.
    37 | D        | Found a stormy altar of Qazlal.
    38 | D        | Found a glowing golden altar of the Shining One.
    40 | D        | Found Teytoam's Distillery.
    43 | D        | Found Xorainud's Distillery.
    43 | D        | Found Xielaf's Bottled Wisdom.
    45 | D        | Found a snail-covered altar of Cheibriados.
    45 | D        | Found Mypizih's Do-It-Yourself Clinic.
    49 | D        | Found a sacrificial altar of Ru.
    50 | D        | Found a shimmering altar of Xom.
    52 | D        | Found Zuenec's Weapon Rack.
    52 | D        | Noticed Terence
    57 | D        | Killed Terence
    58 | D        | Reached XP level 2. HP: 26/26 MP: 0/0
    58 | D        | Reached XP level 3. HP: 31/31 MP: 0/0
    58 | D        | Learned a level 1 spell: Magic Dart
    58 | D        | Found Komac's Basic Armour.
    58 | D        | Found Toeps's Miscellaneous Merchandise.
    60 | D        | Found a corrupted altar of Lugonu.
    60 | D        | Found an iron altar of Okawaru.
    60 | D        | Found Ucesoxt's Premium Goods.
   154 | D        | Arena points: 14 (+14) [x2]
   171 | D        | Bought an ancient golden ring for 45 gold pieces
   171 | D        | Identified the ring of Giewot {Fire rElec Stlth+} (You
                  | bought it in a shop in the Dungeon)
   171 | D        | Bought a fine lead ring for 45 gold pieces
   171 | D        | Identified the ring of Milixe Jiweu {+Blink rN+ Str+6} (You
                  | bought it in a shop in the Dungeon)
   171 | D        | Bought a bound diamond amulet for 45 gold pieces
   171 | D        | Identified the amulet "Fiulekuh" {rElec rN+ Regen+ Str+4}
                  | (You bought it in a shop in the Dungeon)
   177 | D        | Bought a flickering lapis lazuli ring for 45 gold pieces
   177 | D        | Identified the ring of Terra Nullius {*Corrode rPois rF+
                  | Int+2} (You bought it in a shop in the Dungeon)
   177 | D        | Bought a heavily runed platinum ring for 45 gold pieces
   177 | D        | Identified the ring "Foyduaxt" {Drain +Blink MP+9 Int+6
                  | SInv} (You bought it in a shop in the Dungeon)
   188 | D        | Bought a translucent copper ring for 45 gold pieces
   188 | D        | Identified the ring of the Tick {rF+ EV+5 Str+3} (You
                  | bought it in a shop in the Dungeon)
   188 | D        | Bought a twitching turquoise ring for 45 gold pieces
   188 | D        | Identified the ring "Ziecless" {Fly rF+ Int+3 Dex-2 SInv}
                  | (You bought it in a shop in the Dungeon)
   191 | D        | Bought a vibrating iron ring for 45 gold pieces
   191 | D        | Identified the ring "Doblor" {rElec rPois AC+4} (You bought
                  | it in a shop in the Dungeon)
   191 | D        | Bought a flickering bronze ring for 45 gold pieces
   191 | D        | Identified the ring of Odiplidgh {Will+ Dex+3 Slay+6} (You
                  | bought it in a shop in the Dungeon)
   198 | D        | Round 2.
   204 | D        | Noticed a kobold brigand
   211 | D        | Killed a kobold brigand
   212 | D        | Reached skill level 5 in Armour
   212 | D        | Reached skill level 5 in Shields
   212 | D        | Reached XP level 4. HP: 29/40 MP: 0/0
   212 | D        | Reached XP level 5. HP: 32/45 MP: 0/0
   212 | D        | Learned a level 2 spell: Lesser Beckoning
   236 | D        | Noticed Ijyb
   248 | D        | Paralysed by Ijyb for 4 turns
   252 | D        | Noticed a kobold brigand
   253 | D        | Killed Ijyb
   259 | D        | Killed a kobold brigand
   259 | D        | Arena points: 56 (+42) [x3]
   260 | D        | Reached skill level 5 in Long Blades
   260 | D        | Reached XP level 6. HP: 42/53 MP: 0/0
   278 | D        | Round 3.
   278 | D        | Noticed a rust devil
   279 | D        | Bought 3 potions of heal wounds for 105 gold pieces
   279 | D        | Bought 3 potions of heal wounds for 105 gold pieces
   279 | D        | Noticed a gargoyle
   285 | D        | Killed a rust devil
   286 | D        | Reached skill level 1 in Dodging
   286 | D        | Reached XP level 7. HP: 22/61 MP: 0/0
   286 | D        | Learned a level 3 spell: Frozen Ramparts
   330 | D        | Killed a gargoyle
   331 | D        | Reached skill level 10 in Fighting
   331 | D        | Reached XP level 8. HP: 38/68 MP: 0/0
   350 | D        | Noticed a rust devil
   362 | D        | Killed a rust devil
   363 | D        | Reached skill level 10 in Long Blades
   416 | D        | Arena points: 140 (+84) [x4]
   436 | D        | Round 4.
   490 | D        | Bought a vibrating wooden ring for 45 gold pieces
   490 | D        | Identified the ring "Sajosuwi" {Wiz rC+} (You bought it in
                  | a shop in the Dungeon)
   490 | D        | Bought a clouded zirconium amulet for 45 gold pieces
   490 | D        | Identified the amulet "Ubied" {Acrobat rC- Dex+5} (You
                  | bought it in a shop in the Dungeon)
   490 | D        | Bought a vibrating steel ring for 45 gold pieces
   490 | D        | Identified the ring of Newnentu {rElec rPois rF- MP+9} (You
                  | bought it in a shop in the Dungeon)
   490 | D        | Bought a warped sapphire amulet for 45 gold pieces
   490 | D        | Identified the amulet of Sayrol {Faith Str+3 Stlth+} (You
                  | bought it in a shop in the Dungeon)
   490 | D        | Bought an ancient bronze amulet for 45 gold pieces
   490 | D        | Identified the amulet of Orepastro {RegenMP Harm rN+ Int+3
                  | Dex+2} (You bought it in a shop in the Dungeon)
   490 | D        | Bought a warped platinum ring for 45 gold pieces
   490 | D        | Identified the ring of Lixuosa {rC+ Will+} (You bought it
                  | in a shop in the Dungeon)
   490 | D        | Bought a slimy turquoise ring for 45 gold pieces
   490 | D        | Identified the ring of Todyur {Fly rElec rC- Will++ EV+5
                  | Stlth+} (You bought it in a shop in the Dungeon)
   490 | D        | Bought a bound amethyst amulet for 45 gold pieces
   490 | D        | Identified the amulet "Jaqim Owy" {Reflect +Blink SH+5}
                  | (You bought it in a shop in the Dungeon)
   510 | D        | Noticed a queen bee
   513 | D        | Noticed a queen bee
   541 | D        | Killed a queen bee
   542 | D        | Reached XP level 9. HP: 63/76 MP: 0/0
   542 | D        | Learned a level 4 spell: Dimensional Bullseye
   557 | D        | Killed a queen bee
   566 | D        | Arena points: 320 (+180) [x5]
   591 | D        | Round 5.
   596 | D        | Bought 3 potions of experience for 900 gold pieces
   596 | D        | Reached skill level 5 in Dodging
   596 | D        | Reached XP level 10. HP: 80/84 MP: 0/0
   597 | D        | Reached XP level 11. HP: 87/90 MP: 0/0
   597 | D        | Learned a level 5 spell: Irradiate
   598 | D        | Reached XP level 12. HP: 94/96 MP: 0/0
   612 | D        | Noticed a naga warlord
   633 | D        | Killed a naga warlord
   633 | D        | Arena points: 565 (+245) [x7]
   637 | D        | Got a serpentine rune of Zot
   638 | D        | Reached XP level 13. HP: 96/103 MP: 0/0
   638 | D        | Learned a level 5 spell: Freezing Cloud
   692 | D        | Bought a spiked cloak for 332 gold pieces
   692 | D        | Identified the +2 cloak of Death's Door {+Inv rElec rN+++
                  | Will-} (You bought it in a shop in the Dungeon)
   715 | D        | Bought a +0 pair of gloves for 54 gold pieces
   816 | D        | Round 6.
   869 | D        | Reached skill level 10 in Armour
   936 | D        | Reached skill level 1 in Air Magic
   936 | D        | Reached skill level 1 in Evocations
   953 | D        | Reached skill level 1 in Spellcasting
   953 | D        | Reached skill level 1 in Conjurations
   953 | D        | Reached skill level 1 in Hexes
   953 | D        | Reached skill level 1 in Summonings
   953 | D        | Reached skill level 1 in Necromancy
   953 | D        | Reached skill level 1 in Translocations
   953 | D        | Reached skill level 1 in Transmutations
   953 | D        | Reached skill level 1 in Fire Magic
   953 | D        | Reached skill level 1 in Ice Magic
   953 | D        | Reached skill level 1 in Earth Magic
   953 | D        | Reached skill level 1 in Poison Magic
   960 | D        | Reached skill level 15 in Long Blades
  1004 | D        | Arena points: 607 (+42) [x1]
  1014 | D        | Bought 3 potions of heal wounds for 105 gold pieces
  1014 | D        | Bought 3 potions of heal wounds for 105 gold pieces
  1016 | D        | Bought a potion of experience for 300 gold pieces
  1016 | D        | Reached XP level 14. HP: 110/111 MP: 0/0
  1019 | D        | Round 7.
  1110 | D        | Arena points: 719 (+112) [x2]
  1171 | D        | Round 8.
  1192 | D        | Reached skill level 10 in Shields
  1215 | D        | Reached skill level 5 in Evocations
  1222 | D        | Reached skill level 5 in Air Magic
  1281 | D        | Arena points: 959 (+240) [x3]
  1297 | D        | Bought a +0 demon blade for 450 gold pieces
  1315 | D        | Round 9.
  1327 | D        | Reached skill level 15 in Fighting
  1379 | D        | Noticed Erolcha
  1396 | D        | Killed Erolcha
  1397 | D        | Reached XP level 15. HP: 109/121 MP: 0/0
  1397 | D        | Learned a level 6 spell: Conjure Ball Lightning
  1405 | D        | Arena points: 1283 (+324) [x4]
  1424 | D        | Bought 4 scrolls of enchant armour for 300 gold pieces
  1424 | D        | Bought 8 scrolls of enchant weapon for 600 gold pieces
  1424 | D        | Bought 3 scrolls of brand weapon for 285 gold pieces
  1451 | D        | Bought 6 potions of might for 168 gold pieces
  1451 | D        | Bought 3 potions of haste for 210 gold pieces
  1453 | D        | Bought 6 potions of resistance for 420 gold pieces
  1459 | D        | Bought 3 potions of experience for 900 gold pieces
  1459 | D        | Reached XP level 16. HP: 129/129 MP: 0/0
  1460 | D        | Reached skill level 10 in Dodging
  1460 | D        | Reached XP level 17. HP: 134/134 MP: 0/0
  1460 | D        | Learned a level 6 spell: Simulacrum
  1461 | D        | Reached skill level 5 in Spellcasting
  1461 | D        | Reached skill level 5 in Conjurations
  1461 | D        | Reached skill level 5 in Hexes
  1461 | D        | Reached skill level 5 in Summonings
  1461 | D        | Reached skill level 5 in Necromancy
  1461 | D        | Reached skill level 5 in Translocations
  1461 | D        | Reached skill level 5 in Transmutations
  1461 | D        | Reached skill level 5 in Fire Magic
  1461 | D        | Reached skill level 5 in Ice Magic
  1461 | D        | Reached skill level 5 in Earth Magic
  1461 | D        | Reached skill level 5 in Poison Magic
  1461 | D        | Reached XP level 18. HP: 140/140 MP: 0/0
  1485 | D        | Round 10.
  1485 | D        | Noticed Polyphemus
  1507 | D        | Killed Polyphemus
  1507 | D        | Identified the +0 tower shield of the Peculiar Eyes {Int+3}
                  | (You found it in the Dungeon)
  1507 | D        | Arena points: 1883 (+600) [x6]
  1511 | D        | Got a barnacled rune of Zot
  1512 | D        | Reached XP level 19. HP: 125/147 MP: 0/0
  1512 | D        | Learned a level 7 spell: Monstrous Menagerie
  1536 | D        | Bought 2 potions of experience for 600 gold pieces
  1536 | D        | Reached XP level 20. HP: 155/155 MP: 0/0
  1537 | D        | Reached XP level 21. HP: 160/160 MP: 0/0
  1537 | D        | Learned a level 8 spell: Maxwell's Capacitive Coupling
  1614 | D        | Bought 3 potions of heal wounds for 105 gold pieces
  1614 | D        | Bought 3 potions of heal wounds for 105 gold pieces
  1690 | D        | Round 11.
  1764 | D        | Arena points: 2730 (+847) [x7]
  1779 | D        | Round 12.
  1856 | D        | Paralysed by a floating eye for 4 turns
  1894 | D        | Arena points: 3882 (+1152) [x8]
  1921 | D        | Bought a twisted cloak for 332 gold pieces
  1921 | D        | Identified the +2 cloak "Lucilydu" {Fly Str+8 Int-2} (You
                  | bought it in a shop in the Dungeon)
  1921 | D        | Bought an ancient kite shield for 332 gold pieces
  1921 | D        | Identified the +5 kite shield of Ekhan {Str+3 Slay+6} (You
                  | bought it in a shop in the Dungeon)
  1921 | D        | Bought an ichor-stained hat for 315 gold pieces
  1921 | D        | Identified the +1 hat "Waixopt" {+Inv Dex+3} (You bought it
                  | in a shop in the Dungeon)
  1921 | D        | Bought a slimy helmet for 332 gold pieces
  1921 | D        | Identified the +0 helmet of the Morning Star {SInv} (You
                  | bought it in a shop in the Dungeon)
  1921 | D        | Bought a pair of steaming gloves for 332 gold pieces
  1921 | D        | Identified the +1 pair of gloves of Biumeib {rCorr} (You
                  | bought it in a shop in the Dungeon)
  1924 | D        | Round 13.
  2029 | D        | Reached skill level 10 in Evocations
  2090 | D        | Arena points: 5520 (+1638) [x9]
  2105 | D        | Round 14.
  2111 | D        | Bought 3 potions of heal wounds for 105 gold pieces
  2111 | D        | Bought 3 potions of heal wounds for 105 gold pieces
  2111 | D        | Bought 4 potions of curing for 84 gold pieces
  2111 | D        | Bought 4 potions of curing for 84 gold pieces
  2111 | D        | Bought 4 potions of curing for 84 gold pieces
  2111 | D        | Bought 4 potions of curing for 84 gold pieces
  2111 | D        | Bought 4 potions of curing for 84 gold pieces
  2111 | D        | Bought 3 potions of heal wounds for 105 gold pieces
  2111 | D        | Bought 3 potions of heal wounds for 105 gold pieces
  2111 | D        | Bought 3 potions of heal wounds for 105 gold pieces
  2111 | D        | Bought 3 potions of heal wounds for 105 gold pieces
  2113 | D        | Bought a potion of experience for 300 gold pieces
  2172 | D        | Arena points: 6920 (+1400) [x10]
  2187 | D        | Round 15.
  2192 | D        | Bought 3 potions of mutation for 168 gold pieces
  2192 | D        | Bought 5 potions of haste for 350 gold pieces
  2192 | D        | Bought 4 potions of haste for 280 gold pieces
  2200 | D        | Noticed Agnes
  2225 | D        | Killed Agnes
  2225 | D        | Arena points: 8900 (+1980) [x12]
  2229 | D        | Got a mossy rune of Zot
  2244 | D        | Bought a dazzling buckler for 332 gold pieces
  2244 | D        | Identified the +1 buckler "Ynkoiw" {rCorr Int+4} (You
                  | bought it in a shop in the Dungeon)
  2244 | D        | Bought a dazzling tower shield for 332 gold pieces
  2244 | D        | Identified the +6 tower shield of Light {rPois rC+ Will+}
                  | (You bought it in a shop in the Dungeon)
  2244 | D        | Bought a masterwork buckler for 332 gold pieces
  2244 | D        | Identified the +3 buckler of Bursted Life {+Inv Will-
                  | Dex+7} (You bought it in a shop in the Dungeon)
  2244 | D        | Bought a pair of shimmering gloves for 332 gold pieces
  2244 | D        | Identified the +0 pair of gloves of the Shoals {rElec rCorr
                  | Int-5 SInv} (You bought it in a shop in the Dungeon)
  2287 | D        | Bought a potion of might for 80 gold pieces
  2287 | D        | Bought 5 potions of heal wounds for 500 gold pieces
  2287 | D        | Bought 5 potions of heal wounds for 500 gold pieces
  2298 | D        | Reached skill level 10 in Air Magic
  2298 | D        | Reached XP level 22. HP: 175/175 MP: 0/0
  2299 | D        | Reached skill level 10 in Conjurations
  2299 | D        | Reached XP level 23. HP: 180/180 MP: 0/0
  2299 | D        | Learned a level 7 spell: Spellforged Servitor
  2396 | D        | Round 16.
  2414 | D        | Reached skill level 10 in Spellcasting
  2414 | D        | Reached skill level 10 in Hexes
  2414 | D        | Reached skill level 10 in Summonings
  2414 | D        | Reached skill level 10 in Necromancy
  2414 | D        | Reached skill level 10 in Translocations
  2414 | D        | Reached skill level 10 in Transmutations
  2414 | D        | Reached skill level 10 in Fire Magic
  2414 | D        | Reached skill level 10 in Ice Magic
  2414 | D        | Reached skill level 10 in Earth Magic
  2414 | D        | Reached skill level 10 in Poison Magic
  2427 | D        | Reached skill level 15 in Air Magic
  2455 | D        | Reached skill level 15 in Conjurations
  2463 | D        | Arena points: 11188 (+2288) [x13]
  2478 | D        | Round 17.
  2625 | D        | Arena points: 14044 (+2856) [x14]
  2664 | D        | Round 18.
  2709 | D        | Reached skill level 15 in Spellcasting
  2709 | D        | Reached skill level 15 in Hexes
  2709 | D        | Reached skill level 15 in Summonings
  2709 | D        | Reached skill level 15 in Necromancy
  2709 | D        | Reached skill level 15 in Translocations
  2709 | D        | Reached skill level 15 in Transmutations
  2709 | D        | Reached skill level 15 in Fire Magic
  2709 | D        | Reached skill level 15 in Ice Magic
  2709 | D        | Reached skill level 15 in Earth Magic
  2709 | D        | Reached skill level 15 in Poison Magic
  2837 | D        | Arena points: 17824 (+3780) [x15]
  2901 | D        | Round 19.
  3004 | D        | Reached skill level 15 in Armour
  3004 | D        | Reached skill level 15 in Dodging
  3070 | D        | Arena points: 22992 (+5168) [x16]
  3093 | D        | Bought +0 gold dragon scales for 960 gold pieces
  3096 | D        | Round 20.
  3134 | D        | Arena points: 27672 (+4680) [x18]
  3138 | D        | Got a slimy rune of Zot
  3195 | D        | Bought a scroll of blinking for 75 gold pieces
  3195 | D        | Bought 4 scrolls of enchant armour for 300 gold pieces
  3195 | D        | Bought 4 scrolls of enchant armour for 300 gold pieces
  3195 | D        | Bought 8 scrolls of enchant weapon for 600 gold pieces
  3195 | D        | Bought a scroll of brand weapon for 95 gold pieces
  3195 | D        | Bought 3 scrolls of silence for 285 gold pieces
  3195 | D        | Bought 5 scrolls of fog for 200 gold pieces
  3195 | D        | Bought 4 scrolls of fog for 160 gold pieces
  3195 | D        | Bought 3 scrolls of fog for 120 gold pieces
  3195 | D        | Bought 5 scrolls of blinking for 375 gold pieces
  3195 | D        | Bought 4 scrolls of blinking for 300 gold pieces
  3195 | D        | Bought 3 scrolls of blinking for 225 gold pieces
  3197 | D        | Bought 4 scrolls of enchant armour for 300 gold pieces
  3197 | D        | Bought 3 scrolls of silence for 285 gold pieces
  3197 | D        | Bought 5 scrolls of fog for 200 gold pieces
  3197 | D        | Bought 4 scrolls of fog for 160 gold pieces
  3197 | D        | Bought 3 scrolls of fog for 120 gold pieces
  3197 | D        | Bought 5 scrolls of blinking for 375 gold pieces
  3197 | D        | Bought 4 scrolls of blinking for 300 gold pieces
  3197 | D        | Bought 3 scrolls of blinking for 225 gold pieces
  3237 | D        | Reached XP level 24. HP: 188/188 MP: 0/0
  3328 | D        | Round 21.
  3450 | D        | Arena points: 33258 (+5586) [x19]
  3473 | D        | Round 22.
  3581 | D        | Paralysed by a sphinx for 5 turns
  3585 | D        | Noticed a royal mummy
  3588 | D        | Reached XP level 25. HP: 149/212 MP: 0/0
  3588 | D        | Learned a level 9 spell: Shatter
  3597 | D        | Killed a royal mummy
  3598 | D        | Reached skill level 27 in Fighting
  3611 | D        | Arena points: 41178 (+7920) [x20]
  3676 | D        | Round 23.
  3677 | D        | Bought the +5 Lochaber axe {reach-cleave, Poleaxe Drain}
                  | for 1168 gold pieces
  3677 | D        | Found the +5 Lochaber axe {reach-cleave, Poleaxe Drain}
  3808 | D        | Arena points: 51321 (+10143) [x21]
  3862 | D        | Bought a fine cloak for 285 gold pieces
  3862 | D        | Identified the +0 cloak of Xom's Supremacy {+Blink} (You
                  | bought it in a shop in the Dungeon)
  3862 | D        | Bought a garnet-encrusted chain mail for 285 gold pieces
  3862 | D        | Identified the +4 chain mail of Happy Babbling {Str+2
                  | Int+3} (You bought it in a shop in the Dungeon)
  3865 | D        | Bought a twisted long sword for 195 gold pieces
  3865 | D        | Identified the +3 long sword "Gotiuna" {venom, +Blink MP+9}
                  | (You bought it in a shop in the Dungeon)
  3865 | D        | Bought the +8 arc blade {discharge, rElec} for 1380 gold
                  | pieces
  3865 | D        | Found the +8 arc blade {discharge, rElec}
  3865 | D        | Bought an ichor-stained long sword for 195 gold pieces
  3865 | D        | Identified the +7 long sword of Diw Ziagg {flame, Fly
                  | rElec} (You bought it in a shop in the Dungeon)
  3867 | D        | Round 24.
  3882 | D        | Bought a scroll labelled JUMEMI YTIPAO for 39 gold pieces
  3882 | D        | Bought a scroll labelled BOTU UWNENK for 39 gold pieces
  3882 | D        | Bought a scroll of blinking for 292 gold pieces
  3882 | D        | Bought a scroll of brand weapon for 370 gold pieces
  3882 | D        | Bought a condenser vane for 1560 gold pieces
  3882 | D        | Bought a potion of curing for 117 gold pieces
  4034 | D        | Arena points: 60825 (+9504) [x22]
  4050 | D        | Round 25.
  4053 | D        | Noticed Mennas
  4105 | D        | Killed Mennas
  4105 | D        | Arena points: 69825 (+9000) [x24]
  4115 | D        | Got a silver rune of Zot
  4260 | D        | Bought 3 scrolls of identify for 150 gold pieces
  4279 | D        | Bought 5 potions of haste for 1000 gold pieces
  4279 | D        | Bought 5 potions of haste for 1000 gold pieces
  4279 | D        | Bought a quad damage for 400 gold pieces
  4279 | D        | Bought a quad damage for 400 gold pieces
  4279 | D        | Bought a quad damage for 400 gold pieces
  4279 | D        | Bought a potion of attraction for 60 gold pieces
  4295 | D        | Bought a potion of haste for 70 gold pieces
  4295 | D        | Bought a potion of curing for 21 gold pieces
  4295 | D        | Bought 6 potions of might for 168 gold pieces
  4295 | D        | Bought 6 potions of attraction for 126 gold pieces
  4295 | D        | Bought 5 potions of haste for 350 gold pieces
  4295 | D        | Bought 4 potions of haste for 280 gold pieces
  4295 | D        | Bought 3 potions of haste for 210 gold pieces
  4295 | D        | Bought 6 potions of resistance for 420 gold pieces
  4304 | D        | Round 26.
  4432 | D        | Arena points: 80225 (+10400) [x25]
  4487 | D        | Round 27.
  4507 | D        | Reached skill level 27 in Long Blades
  4572 | D        | Noticed a Killer Klown
  4597 | D        | Reached XP level 26. HP: 77/221 MP: 0/0
  4609 | D        | Found the +4 dragonskin cloak
  4609 | D        | Noticed Tiamat
  4645 | D        | Killed Tiamat
  4654 | D        | Killed a Killer Klown
  4654 | D        | Arena points: 92159 (+11934) [x26]
  4787 | D        | Bought 6 potions of resistance for 420 gold pieces
  4787 | D        | Bought 6 potions of resistance for 420 gold pieces
  4787 | D        | Bought 2 potions of mutation for 112 gold pieces
  4787 | D        | Bought a potion of mutation for 56 gold pieces
  4791 | D        | Bought a potion of enlightenment for 35 gold pieces
  4791 | D        | Bought 6 potions of brilliance for 168 gold pieces
  4791 | D        | Bought a potion of attraction for 21 gold pieces
  4791 | D        | Bought 5 potions of berserk rage for 175 gold pieces
  4791 | D        | Bought 5 potions of berserk rage for 175 gold pieces
  4791 | D        | Bought 6 potions of attraction for 126 gold pieces
  4793 | D        | Bought 5 potions of berserk rage for 175 gold pieces
  4793 | D        | Bought 5 potions of berserk rage for 175 gold pieces
  4793 | D        | Bought 3 potions of mutation for 168 gold pieces
  4793 | D        | Bought 2 potions of mutation for 112 gold pieces
  4793 | D        | Bought a potion of mutation for 56 gold pieces
  4793 | D        | Bought 6 potions of brilliance for 168 gold pieces
  4833 | D        | Round 28.
  4970 | D        | Arena points: 109547 (+17388) [x27]
  5012 | D        | Round 29.
  5023 | D        | Paralysed by a wendigo for 1 turns
  5052 | D        | Reached skill level 27 in Armour
  5102 | D        | HP: 5/221 [Ice Fiend (25)]
  5198 | D        | Arena points: 110069 (+522) [x1]
  5213 | D        | Round 30.
  5214 | D        | Noticed Gloorx Vloq
  5225 | D        | Killed Gloorx Vloq
  5225 | D        | Arena points: 111509 (+1440) [x3]
  5229 | D        | Got a dark rune of Zot
  5230 | D        | Reached XP level 27. HP: 56/228 MP: 0/0
  5230 | D        | Learned a level 9 spell: Fire Storm
  5457 | D        | Round 31.
  5463 | D        | Noticed an ancient lich
  5473 | D        | Killed an ancient lich
  5486 | D        | Noticed an ancient lich
  5486 | D        | Noticed an ancient lich
  5486 | D        | Noticed an ancient lich
  5493 | D        | Killed an ancient lich
  5494 | D        | Reached skill level 15 in Shields
  5499 | D        | Killed an ancient lich
  5499 | D        | Noticed an ancient lich
  5500 | D        | Reached skill level 27 in Air Magic
  5508 | D        | Killed an ancient lich
  5508 | D        | Noticed an ancient lich
  5509 | D        | Reached skill level 27 in Conjurations
  5515 | D        | Killed an ancient lich
  5519 | D        | Killed an ancient lich
  5531 | D        | Noticed an ancient lich
  5538 | D        | Noticed an ancient lich
  5549 | D        | Killed an ancient lich
  5551 | D        | Killed an ancient lich
  5555 | D        | Noticed an ancient lich
  5562 | D        | Killed an ancient lich
  5564 | D        | Noticed an ancient lich
  5570 | D        | Killed an ancient lich
  5570 | D        | Arena points: 113741 (+2232) [x4]
  5634 | D        | Round 32.
  5652 | D        | Noticed a royal mummy
  5653 | D        | Noticed a royal mummy
  5661 | D        | Noticed a royal mummy
  5662 | D        | Noticed a royal mummy
  5678 | D        | Noticed a royal mummy
  5681 | D        | Killed a royal mummy
  5682 | D        | HP: 5/228 [royal mummy/divine providence (7)]
  5683 | D        | Noticed a royal mummy
  5697 | D        | HP: 11/228 [mummy priest/divine providence (11)]
  5698 | D        | HP: 2/228 [death scarab[a royal mummy] (11)]
  5701 | D        | Noticed a royal mummy
  5710 | D        | Killed a royal mummy
  5738 | D        | Killed a royal mummy
  5742 | D        | HP: 8/228 [something (12)]
  5750 | D        | Killed a royal mummy
  5772 | D        | Killed a royal mummy
  5775 | D        | Killed from afar by a royal mummy

Illustrated notes

Levels and vault maps discovered:
D:        arena_sprint

Skill      XL: |  1  2  3  4  5  6  7  8  9 10 11 12 13 14 15 16 17 18 19 20 21 22 23 24 25 26 27 |
---------------+----------------------------------------------------------------------------------+-----
Fighting       | 4 6 7 9 10 11 12 13 16 17 20 26 27 | 27.0
Long Blades    | 2 4 5 7 9 11 12 13 14 15 16 17 19 27 | 27.0
Armour         | 4 5 7 8 9 10 11 12 16 19 27 | 27.0
Shields        | 4 5 6 7 8 9 11 12 23 | 23.8
Dodging        | 1 2 3 5 6 7 8 9 10 11 16 | 16.8
Air Magic      | 3 5 7 9 10 12 20 25 27 | 27.0
Evocations     | 4 6 7 8 10 14 | 14.2
Spellcasting   | 2 3 5 6 7 8 15 18 24 | 24.6
Conjurations   | 2 3 5 6 8 10 19 24 27 | 27.0
Hexes          | 2 3 5 6 7 8 15 18 24 | 24.6
Summonings     | 2 3 5 6 7 8 15 18 24 | 24.6
Necromancy     | 2 3 5 6 7 8 15 18 24 | 24.6
Translocations | 2 3 5 6 7 8 15 18 24 | 24.6
Transmutations | 2 3 5 6 7 8 15 18 24 | 24.6
Fire Magic     | 2 3 5 6 7 8 15 18 24 | 24.6
Ice Magic      | 2 3 5 6 7 8 15 18 24 | 24.6
Earth Magic    | 2 3 5 6 7 8 15 18 24 | 24.6
Poison Magic   | 2 3 5 6 7 8 15 18 24 | 24.6

Action                     |  1- 3 |  4- 6 |  7- 9 | 10-12 | 13-15 | 16-18 | 19-21 | 22-24 | 25-27 || total
---------------------------+-------+-------+-------+-------+-------+-------+-------+-------+-------++-------
  Melee: Long sword        |    16 |    15 |    95 |    14 |   121 |       |       |       |       ||   261
         Demon blade       |       |       |       |       |    48 |    20 |   141 |   402 |   378 ||   989
         Eudemon blade     |       |       |       |       |       |       |       |       |   167 ||   167
 Invoke: Potion Petition   |       |       |       |       |     1 |       |       |     5 |    14 ||    20
         Call Merchant     |       |       |       |       |       |       |       |       |     7 ||     7
  Evoke: Wand              |     5 |     5 |     3 |     3 |       |       |       |       |       ||    16
    Use: Potion            |       |       |     5 |     4 |     9 |     3 |     3 |    19 |    25 ||    68
         Scroll            |       |       |     1 |       |     9 |       |       |     4 |    38 ||    52
   Stab: Distracted        |       |     1 |     1 |       |       |       |     3 |     2 |     3 ||    10
         Paralysed         |       |       |     7 |       |       |       |       |       |       ||     7
 Armour: Scale mail        |    11 |    11 |    51 |     4 |    79 |     5 |    54 |   101 |       ||   316
         Gold dragon scale |       |       |       |       |       |       |       |   137 |   455 ||   592
  Dodge: Dodged            |     5 |     6 |    76 |     2 |    65 |    11 |    58 |    89 |   238 ||   550
  Block: Buckler           |     1 |     7 |    37 |     3 |    42 |     6 |     9 |       |       ||   105
         Kite shield       |       |       |       |       |       |       |    70 |   218 |   567 ||   855

Table legend: (Time is in decaauts)
 A = Elapsed time spent in this place.
 B = Non-inter-level travel time spent in this place.
 C = Inter-level travel time spent in this place.
 D = Time resting spent in this place.
 E = Time spent auto-exploring this place.
 F = Levels seen in this place.
 G = Mean time per level.
                   A        B        C        D        E       F      G
               +--------+--------+--------+--------+--------+-----+--------+
         Total |   5298 |   5278 |     20 |    860 |    105 |   1 | 5298.0 |
       Dungeon |   5298 |   5278 |     20 |    860 |    105 |   1 | 5298.0 |
               +--------+--------+--------+--------+--------+-----+--------+

Top non-repeatable levels by time:
       D: 5298 daAuts
